AoeStats
← old f1sh

Arena

509322659Analyzed
4v4 RM · 6d ago on Sep 26, 2026· 41m 38s· 8 players
Game mode
Random Map
Map size
Large (8 player)
Population
200
Speed
Normal
Resources
Standard
Victory
Conquest
Starting age
Dark Age
Ending age
Imperial Age
RankedLock teamsTeams togetherTeam positionsShared explorationLock speedFull tech treeHidden civsTurbo modeCheats
Victory
Defeat
🇻🇳 Teutons · Vietnam
1468
+18
🇨🇳 Khmer · China
1458
+18
🇨🇳 Hindustanis · China
1450
+19
🇹🇼 Huns · Taiwan
1438
+19
🇨🇳 Jurchens · China
1640
-24
🇨🇳 Danes · China
1501
-18
🇨🇳 Cumans · China
1499
-18
🇨🇭 Chinese · Switzerland
1393
-14
shogun
5:57 Loom
8:33 Feudal Age
9:54 Fletching
15:30 Double-Bit Axe
18:32 Wheelbarrow
18:17 Horse Collar
23:51 Castle Age
22:26 Stone Mining
22:29 Gold Mining
24:33 Bodkin Arrow
25:02 Bow Saw
26:05 Stone Shaft Mining
25:33 Heavy Plow
26:17 Hand Cart
36:29 Imperial Age
36:45 Forging
37:36 Conscription
37:23 Scale Barding Armor
37:56 Crop Rotation
38:28 Two-Man Saw
37:17 Cavalier
38:52 Iron Casting
38:38 Chain Barding Armor
38:14 Paladin
39:08 Bloodlines
41:03 Blast Furnace
41:10 Plate Barding Armor
41:18 Scale Mail Armor
40:42 Man-at-Arms
41:08 Gambesons
41:24 Squires
D哥
9:48 Feudal Age
13:19 Castle Age
11:32 Double-Bit Axe
11:51 Horse Collar
14:59 Bow Saw
20:55 Heavy Plow
22:35 Wheelbarrow
22:44 Gold Mining
24:06 Gold Shaft Mining
27:18 Imperial Age
24:36 Loom
25:49 Hand Cart
25:19 Town Watch
25:56 Scale Barding Armor
27:09 Chain Barding Armor
27:01 Forging
26:54 Stone Mining
27:23 Husbandry
27:35 Bloodlines
27:21 Elite Battle Elephant
28:49 Plate Barding Armor
30:23 Conscription
29:30 Pikeman
32:23 Stone Shaft Mining
32:04 Town Patrol
33:29 Iron Casting
33:54 Double Crossbow
35:58 Blast Furnace
35:41 Fletching
36:16 Ballistics
36:56 Chemistry
35:36 Elite Ballista Elephant
36:49 Bodkin Arrow
37:59 Light Cavalry
39:53 Bracer
master
10:06 Feudal Age
13:45 Castle Age
11:51 Horse Collar
12:01 Double-Bit Axe
12:40 Horse Collar
14:50 Heavy Plow
19:59 Loom
21:03 Gold Mining
21:52 Town Watch
23:57 Wheelbarrow
24:10 Stone Mining
29:00 Imperial Age
26:41 Fletching
26:59 Thumb Ring
27:10 Husbandry
27:26 Bodkin Arrow
28:07 Padded Archer Armor
29:51 Bloodlines
31:00 Chemistry
30:09 Bracer
31:36 Ballistics
32:17 Parthian Tactics
32:28 Heavy Cavalry Archer
34:46 Leather Archer Armor
35:39 Bow Saw
36:19 Hand Cart
41:26 Capped Ram
致远Deepgame
9:32 Feudal Age
13:14 Castle Age
11:49 Double-Bit Axe
11:55 Horse Collar
21:32 Wheelbarrow
22:05 Bow Saw
22:39 Heavy Plow
24:15 Hand Cart
24:05 Gold Mining
28:15 Imperial Age
26:27 Forging
26:59 Scale Barding Armor
27:11 Loom
27:12 Town Watch
28:19 Chain Barding Armor
28:34 Iron Casting
28:19 Husbandry
28:29 Bloodlines
29:04 Gold Shaft Mining
28:20 Heavy Camel Rider
29:03 Grand Trunk Road
29:46 Plate Barding Armor
31:53 Siege Engineers
33:08 Conscription
32:27 Siege Elephant
33:50 Masonry
33:03 Imperial Camel Rider
35:54 Grand Trunk Road
36:30 Hoardings
37:38 Two-Man Saw
37:43 Town Patrol
38:26 Coinage
37:56 Caravan
38:32 Stone Mining
39:55 Banking
39:46 Light Cavalry
41:17 Hussar
PeterPan
10:45 Feudal Age
14:30 Castle Age
12:44 Double-Bit Axe
12:49 Horse Collar
15:32 Bow Saw
20:30 Heavy Plow
21:08 Wheelbarrow
22:51 Stone Mining
22:52 Gold Mining
24:02 Hand Cart
23:55 Loom
28:08 Imperial Age
25:53 Fletching
26:55 Bodkin Arrow
27:22 Ballistics
27:42 Padded Archer Armor
27:56 Scale Mail Armor
28:06 Forging
27:56 Pikeman
28:55 Leather Archer Armor
29:12 Bracer
30:51 Chain Mail Armor
V我50%匡扶汉室
8:39 Feudal Age
10:23 Double-Bit Axe
10:21 Horse Collar
11:55 Loom
15:12 Wheelbarrow
21:02 Castle Age
19:32 Scale Barding Armor
19:41 Gold Mining
20:33 Bloodlines
21:13 Forging
22:17 Bow Saw
22:53 Heavy Plow
26:04 Chain Barding Armor
27:42 Hand Cart
33:12 Imperial Age
31:55 Pikeman
32:35 Squires
32:21 Arson
33:47 Gold Shaft Mining
33:02 Stone Mining
33:20 Halberdier
34:30 Conscription
34:52 Scale Mail Armor
35:28 Iron Casting
35:55 Chain Mail Armor
38:30 Blast Furnace
38:21 Plate Mail Armor
41:44 Blast Furnace
41:15 Capped Ram
old f1sh
11:53 Feudal Age
13:14 Double-Bit Axe
13:11 Horse Collar
15:43 Castle Age
16:24 Wheelbarrow
15:55 Light Cavalry
24:56 Hand Cart
25:19 Gold Mining
26:20 Loom
27:40 Bow Saw
27:30 Heavy Plow
29:51 Scale Mail Armor
30:02 Forging
32:23 Imperial Age
29:59 Guard Tower
30:20 Masonry
31:13 Squires
30:59 Gambesons
30:59 Arson
31:31 Chain Mail Armor
32:24 Ballistics
32:11 Siege Engineers
32:05 Pikeman
32:50 Fletching
33:40 Keep
33:36 Architecture
32:31 Elite Fire Lancer
33:54 Bodkin Arrow
33:51 Halberdier
36:01 Chemistry
35:40 Murder Holes
36:00 Capped Ram
36:42 Arrowslits
37:27 Fortified Bastions
37:50 Conscription
38:38 Fortified Wall
40:27 Heavy Scorpion
涅槃重生
9:56 Feudal Age
8:13 Loom
8:26 Loom
10:12 Feudal Age
17:54 Castle Age
27:39 Fletching
35:09 Bodkin Arrow
Connection lost

Rejoining the realm…

Still unreachable

The connection could not be restored.

Session expired

The server has moved on; the page needs a fresh start.